SA
NIAGARA FALLS EXPOS @ CONNETQUOT CHIEFS
08/12/2030
 
TOP OF THE 1ST
Niagara Falls Expos batting - Pitching for Connetquot Chiefs : RHP Turner Shamburger
Pitching: RHP Turner Shamburger
Batting: RHB Francisco Valentín 0-0: Swinging Strike
0-1: Ball
1-1: Foul Ball, location: 2F
1-2: Ball
2-2: Ground out 4-3 (Groundball, 4)
Batting: RHB José Medina 0-0: Ground out 1-3 (Groundball, 13)
Batting: RHB Hsi-men King 0-0: Ball
1-0: Swinging Strike
1-1: Ball
2-1: Called Strike
2-2: Ball
3-2: Strikes out looking
Top of the 1st over - 0 runs, 0 hits, 0 errors, 0 left on base; Niagara Falls 0 - Connetquot 0
BOTTOM OF THE 1ST
Connetquot Chiefs batting - Pitching for Niagara Falls Expos : RHP Daron Muldoon
Pitching: RHP Daron Muldoon
Batting: LHB Wilson López 0-0: Ball
1-0: Called Strike
1-1: Ball
2-1: Called Strike
2-2: Ground out 6-3 (Groundball, 6)
Batting: RHB Júlio Flores 0-0: Ball
1-0: Foul Ball, location: 2F
1-1: Foul Ball, location: 2F
1-2: Fly out, F9 (Flyball, 9S)
Batting: RHB Heherson Inaris 0-0: Called Strike
0-1: Ball
1-1: Ball
2-1: Foul Ball, location: 2F
2-2: Ball
3-2: Strikes out swinging
Bottom of the 1st over - 0 runs, 0 hits, 0 errors, 0 left on base; Niagara Falls 0 - Connetquot 0
TOP OF THE 2ND
Niagara Falls Expos batting - Pitching for Connetquot Chiefs : RHP Turner Shamburger
Batting: RHB Jesús Herrera 0-0: Called Strike
0-1: Called Strike
0-2: Strikes out swinging
Batting: RHB Min-tae Yi 0-0: Called Strike
0-1: Ball
1-1: Ball
2-1: Ground out 6-3 (Groundball, 56)
Batting: RHB David Austin 0-0: Called Strike
0-1: Foul Ball, location: 2F
0-2: Strikes out looking
Top of the 2nd over - 0 runs, 0 hits, 0 errors, 0 left on base; Niagara Falls 0 - Connetquot 0
BOTTOM OF THE 2ND
Connetquot Chiefs batting - Pitching for Niagara Falls Expos : RHP Tony Wolfe
Pitching: RHP Tony Wolfe
Batting: RHB Dan Chrzan 0-0: Ball
1-0: Called Strike
1-1: SINGLE (Line Drive, 7S)
Batting: RHB Héctor Amaya Balk!
Dan Chrzan to second
0-0: Ball
1-0: Ball
2-0: Called Strike
2-1: Foul Ball, location: 2F
2-2: Ball
3-2: Fly out, F7 (Flyball, 7S)
Batting: LHB Travis Grigor 0-0: Ground out 1-3 (Groundball, 13S)
Dan Chrzan to third
Batting: RHB Jorge Concepción 0-0: Foul Ball, location: 2F
0-1: Foul Ball, location: 2F
0-2: Ball
1-2: Foul Ball, location: 2F
1-2: Ball
2-2: Ball
3-2: SINGLE (Line Drive, 9LS)
Dan Chrzan scores
Pitching: RHP Dao-zi Zhai
Batting: RHB Jesús Jaramillo 0-0: Ball
1-0: Called Strike
1-1: Foul Ball, location: 2F
1-2: Ball
2-2: Ground out U3 (Groundball, 34)
Bottom of the 2nd over - 1 run, 2 hits, 0 errors, 1 left on base; Niagara Falls 0 - Connetquot 1
TOP OF THE 3RD
Niagara Falls Expos batting - Pitching for Connetquot Chiefs : RHP Turner Shamburger
Batting: LHB Sébastien Cornu 0-0: Ground out 5-3 (Groundball, 56)
Batting: RHB Bobson Dugnutt 0-0: Ball
1-0: Fly out, F7 (Flyball, 7S)
Batting: RHB Domingo Altamiraño 0-0: Swinging Strike
0-1: Swinging Strike
0-2: Foul Ball, location: 2F
0-2: Ball
1-2: Ball
2-2: Ball
3-2: SINGLE (Groundball, 56S) (infield hit)
Batting: RHB Francisco Valentín 0-0: Ball
Domingo Altamiraño steals 2nd base
1-0: Ball
2-0: Ball
3-0: Called Strike
3-1: SINGLE (Popup, 56D)
Domingo Altamiraño to third
Runner from 3rd tries for Home, SAFE, throw made home
Batting: RHB José Medina 0-0: Fielders Choice at 2nd, 5-4 (Groundball, 56)
Top of the 3rd over - 1 run, 2 hits, 0 errors, 1 left on base; Niagara Falls 1 - Connetquot 1
BOTTOM OF THE 3RD
Connetquot Chiefs batting - Pitching for Niagara Falls Expos : RHP Dao-zi Zhai
Batting: RHB Jeff Perkins 0-0: Ball
1-0: Ground out U3 (Groundball, 34)
Batting: LHB Wilson López 0-0: Ball
1-0: Ball
2-0: Called Strike
2-1: Ground out 4-3 (Groundball, 4)
Batting: RHB Júlio Flores 0-0: Ball
1-0: Ball
2-0: Called Strike
2-1: Foul Ball, location: 2F
2-2: Strikes out swinging
Bottom of the 3rd over - 0 runs, 0 hits, 0 errors, 0 left on base; Niagara Falls 1 - Connetquot 1
TOP OF THE 4TH
Niagara Falls Expos batting - Pitching for Connetquot Chiefs : RHP Turner Shamburger
Batting: RHB Hsi-men King 0-0: Fly out, F8 (Flyball, 8RM)
Batting: RHB Jesús Herrera 0-0: Ball
1-0: Foul Ball, location: 2F
1-1: Swinging Strike
1-2: Fly out, F7 (Flyball, 7D)
Batting: RHB Min-tae Yi 0-0: Ball
1-0: Ball
2-0: Foul Ball, location: 2F
2-1: Foul Ball, location: 2F
2-2: Strikes out swinging
Top of the 4th over - 0 runs, 0 hits, 0 errors, 0 left on base; Niagara Falls 1 - Connetquot 1
BOTTOM OF THE 4TH
Connetquot Chiefs batting - Pitching for Niagara Falls Expos : RHP Dao-zi Zhai
Batting: RHB Heherson Inaris 0-0: Ball
1-0: Called Strike
1-1: Ball
2-1: DOUBLE (Line Drive, 7LD)
Batting: RHB Dan Chrzan 0-0: Called Strike
0-1: Ball
1-1: Foul Ball, location: 2F
1-2: Ball
2-2: Strikes out swinging
Batting: RHB Héctor Amaya 0-0: Called Strike
0-1: Ball
1-1: Ball
2-1: Foul Ball, location: 2F
2-2: Foul Ball, location: 2F
2-2: SINGLE (Groundball, 6D)
Heherson Inaris to third
Runner from 3rd tries for Home, SAFE, no throw
Batting: LHB Travis Grigor 0-0: Called Strike
0-1: Ball
1-1: DOUBLE (Line Drive, 7LM)
Héctor Amaya to third
Batting: RHB Jorge Concepción 0-0: Foul Ball, location: 2F
0-1: Foul Ball, location: 2F
0-2: Ball
1-2: Ground out 6-3 (Groundball, 6)
Héctor Amaya scores
Batting: RHB Jesús Jaramillo 0-0: Called Strike
0-1: Foul Ball, location: 2F
0-2: Ball
1-2: Strikes out swinging
Bottom of the 4th over - 2 runs, 3 hits, 0 errors, 1 left on base; Niagara Falls 1 - Connetquot 3
TOP OF THE 5TH
Niagara Falls Expos batting - Pitching for Connetquot Chiefs : RHP Turner Shamburger
Batting: RHB David Austin 0-0: Foul Ball, location: 2F
0-1: Foul Ball, location: 2F
0-2: Foul Ball, location: 2F
0-2: Foul Ball, location: 2F
0-2: Ball
1-2: Ground out 6-3 (Groundball, 6)
Batting: LHB Sébastien Cornu 0-0: Called Strike
0-1: Ball
1-1: Ball
2-1: SINGLE (Groundball, 4MD)
Batting: RHB Bobson Dugnutt 0-0: Called Strike
0-1: Ball
1-1: Called Strike
1-2: Ball
2-2: Strikes out looking
Batting: RHB Domingo Altamiraño 0-0: Foul Ball, location: 2F
0-1: Foul Ball, location: 2F
0-2: Ball
1-2: Fly out, F8 (Flyball, 8LD)
Top of the 5th over - 0 runs, 1 hit, 0 errors, 1 left on base; Niagara Falls 1 - Connetquot 3
BOTTOM OF THE 5TH
Connetquot Chiefs batting - Pitching for Niagara Falls Expos : RHP Dao-zi Zhai
Batting: RHB Jeff Perkins 0-0: SINGLE (Line Drive, 34)
Batting: LHB Wilson López 0-0: Bunt missed!
0-1: Ball
1-1: Sac Bunt - play at first, batter OUT! 1-4
Jeff Perkins to second
Batting: RHB Júlio Flores 0-0: Called Strike
0-1: Fly out, F8 (Flyball, 8RD)
Batting: RHB Heherson Inaris 0-0: Called Strike
0-1: Ball
1-1: Called Strike
1-2: Ball
2-2: Strikes out swinging
Bottom of the 5th over - 0 runs, 1 hit, 0 errors, 1 left on base; Niagara Falls 1 - Connetquot 3
TOP OF THE 6TH
Niagara Falls Expos batting - Pitching for Connetquot Chiefs : RHP Turner Shamburger
Batting: RHB Francisco Valentín 0-0: Ball
1-0: Swinging Strike
1-1: Called Strike
1-2: Foul Ball, location: 2F
1-2: Strikes out swinging
Batting: RHB José Medina 0-0: Foul Ball, location: 2F
0-1: DOUBLE (Line Drive, 7LD)
Batting: RHB Hsi-men King 0-0: Ball
1-0: 2-RUN HOME RUN (Flyball, 7D), Distance : 393 ft
Batting: RHB Jesús Herrera 0-0: Ball
1-0: Ball
2-0: DOUBLE (Line Drive, 7LD)
Batting: RHB Min-tae Yi 0-0: Ball
1-0: Foul Ball, location: 2F
1-1: Fly out, F8 (Line Drive, 8RM)
Batting: RHB David Austin 0-0: SINGLE (Groundball, P) (infield hit)
Jesús Herrera to third
Batting: LHB Sébastien Cornu 0-0: Ball
1-0: SINGLE (Flyball, 8RS)
Jesús Herrera scores
David Austin to second
Runner from 2nd tries for 3rd, SAFE, throw made to third
Batting: RHB Bobson Dugnutt 0-0: Called Strike
0-1: Ball
1-1: Called Strike
1-2: Ball
2-2: Strikes out swinging
Top of the 6th over - 3 runs, 5 hits, 0 errors, 2 left on base; Niagara Falls 4 - Connetquot 3
BOTTOM OF THE 6TH
Connetquot Chiefs batting - Pitching for Niagara Falls Expos : RHP Dao-zi Zhai
Pitching: RHP Don Cantrell
Batting: RHB Dan Chrzan 0-0: Foul Ball, location: 2F
0-1: Ground out 5-3 (Groundball, 56)
Batting: RHB Héctor Amaya 0-0: Ball
1-0: Swinging Strike
1-1: Called Strike
1-2: Strikes out looking
Batting: LHB Travis Grigor 0-0: Ball
1-0: Ball
2-0: Called Strike
2-1: Ball
3-1: SINGLE (Line Drive, 56)
Batting: RHB Jorge Concepción 0-0: Ball
1-0: Foul Ball, location: 2F
1-1: Foul Ball, location: 2F
1-2: Ground out 4-3 (Groundball, 4M)
Bottom of the 6th over - 0 runs, 1 hit, 0 errors, 1 left on base; Niagara Falls 4 - Connetquot 3
TOP OF THE 7TH
Niagara Falls Expos batting - Pitching for Connetquot Chiefs : RHP Turner Shamburger
Batting: RHB Domingo Altamiraño 0-0: Called Strike
0-1: Called Strike
0-2: Ball
1-2: Strikes out swinging
Batting: RHB Francisco Valentín 0-0: Called Strike
0-1: Foul Ball, location: 2F
0-2: Ground out 3-1 (Groundball, 34)
Batting: RHB José Medina 0-0: Swinging Strike
0-1: Called Strike
0-2: Ball
1-2: Foul Ball, location: 2F
1-2: Ground out 1-3 (Groundball, P)
Top of the 7th over - 0 runs, 0 hits, 0 errors, 0 left on base; Niagara Falls 4 - Connetquot 3
BOTTOM OF THE 7TH
Connetquot Chiefs batting - Pitching for Niagara Falls Expos : RHP Don Cantrell
Batting: RHB Jesús Jaramillo 0-0: Ball
1-0: Ball
2-0: Called Strike
2-1: Foul Ball, location: 2F
2-2: Fly out, F7 (Flyball, 78S)
Batting: RHB Jeff Perkins 0-0: Called Strike
0-1: SINGLE (Line Drive, 56D)
Pinch Hitting: LHB Carlos Campos 0-0: Foul Ball, location: 2F
0-1: Ball
1-1: Ball
2-1: Fielders Choice at 2nd, 1-6 (Groundball, P)
Pinch Hitting: LHB Govaart Pleijt 0-0: Ball
1-0: SINGLE (Line Drive, 8LS)
Carlos Campos to second
Batting: RHB Heherson Inaris 0-0: Foul Ball, location: 2F
0-1: Called Strike
0-2: DOUBLE (Flyball, 8LD)
Carlos Campos scores
Govaart Pleijt to third
Batting: RHB Dan Chrzan 0-0: Called Strike
0-1: Ball
1-1: Ball
2-1: Hit by Pitch
Batting: RHB Héctor Amaya 0-0: Swinging Strike
0-1: Foul Ball, location: 2F
0-2: Ball
1-2: Ball
2-2: SINGLE (Line Drive, 89S)
Govaart Pleijt scores
Heherson Inaris to third
Dan Chrzan to second
Runner from 3rd tries for Home, SAFE, no throw
Pitching: RHP Pat Clement
Batting: LHB Travis Grigor 0-0: Called Strike
0-1: Ball
1-1: Ball
2-1: Ball
3-1: Base on Balls
Dan Chrzan to third
Héctor Amaya to second
Pinch Hitting: LHB Brad Mosley 0-0: Ball
1-0: Foul Ball, location: 2F
1-1: Fly out, F3 (Popup, 3S)
Bottom of the 7th over - 3 runs, 4 hits, 0 errors, 3 left on base; Niagara Falls 4 - Connetquot 6
TOP OF THE 8TH
Niagara Falls Expos batting - Pitching for Connetquot Chiefs : RHP Turner Shamburger
Now at 2B: Brad Mosley
Now at SS: Carlos Campos
Now in RF: Govaart Pleijt
Batting: RHB Hsi-men King 0-0: Ball
1-0: Ground out 5-3 (Groundball, 56S)
Batting: RHB Jesús Herrera 0-0: Called Strike
0-1: Foul Ball, location: 2F
0-2: Ball
1-2: Ball
2-2: DOUBLE (Line Drive, 7LS)
Batting: RHB Min-tae Yi 0-0: Ball
1-0: Foul Ball, location: 2F
1-1: DOUBLE (Groundball, 5L)
Jesús Herrera scores
Batting: RHB David Austin 0-0: Fly out, F9 (Flyball, 9LMF)
Batting: LHB Sébastien Cornu 0-0: Called Strike
0-1: Swinging Strike
0-2: Strikes out looking
Top of the 8th over - 1 run, 2 hits, 0 errors, 1 left on base; Niagara Falls 5 - Connetquot 6
BOTTOM OF THE 8TH
Connetquot Chiefs batting - Pitching for Niagara Falls Expos : RHP Pat Clement
Pitching: RHP Carlos Díaz
Batting: RHB Jesús Jaramillo 0-0: Foul Ball, location: 2F
0-1: Foul Ball, location: 2F
0-2: Ball
1-2: SINGLE (Groundball, 4MD)
Batting: RHB Jeff Perkins 0-0: Ball
1-0: Ball
2-0: Sac Bunt - play at first, batter OUT! 3-4
Jesús Jaramillo to second
Batting: LHB Carlos Campos 0-0: Intentional Walk
Batting: LHB Govaart Pleijt 0-0: Ball
1-0: Foul Ball, location: 2F
1-1: Ball
2-1: Ball
3-1: Fly out, F5 (Popup, 5SF)
Batting: RHB Heherson Inaris 0-0: Ball
1-0: Called Strike
1-1: Called Strike
1-2: DOUBLE (Flyball, 89D)
Jesús Jaramillo scores
Carlos Campos to third
Runner from 3rd tries for Home, SAFE, no throw
Pinch Runner at 2nd Louis Teague:
Batting: RHB Dan Chrzan 0-0: Called Strike
0-1: Ground out 6-3 (Groundball, 6)
Bottom of the 8th over - 2 runs, 2 hits, 0 errors, 1 left on base; Niagara Falls 5 - Connetquot 8
TOP OF THE 9TH
Niagara Falls Expos batting - Pitching for Connetquot Chiefs : RHP Turner Shamburger
Now in CF: Louis Teague
Batting: RHB Bobson Dugnutt 0-0: Called Strike
0-1: SINGLE (Groundball, 4D)
Batting: RHB Domingo Altamiraño 0-0: Foul Ball, location: 2F
0-1: SINGLE (Line Drive, 8LS)
Bobson Dugnutt to second
Batting: RHB Francisco Valentín 0-0: Ball
1-0: Foul Ball, location: 2F
1-1: Ball
2-1: Called Strike
2-2: Ground out 3-1 (Groundball, 34S)
Bobson Dugnutt to third
Domingo Altamiraño to second
Batting: RHB José Medina 0-0: Ground out 5-3 (Groundball, 56)
Bobson Dugnutt scores
Batting: RHB Hsi-men King 0-0: SINGLE (Line Drive, 7S)
Domingo Altamiraño to third
Batting: RHB Jesús Herrera 0-0: Foul Ball, location: 2F
0-1: Fly out, F7 (Line Drive, 78M)
Top of the 9th over - 1 run, 3 hits, 0 errors, 2 left on base; Niagara Falls 6 - Connetquot 8
Sunday, March 18th, 2018 - OOTP Baseball 18.8 Build 76